Avalanche vs Blues

Created - 17 novembre 2020 at 21:15

Goals
1 2 3 T
Avalanche 0 0 1 1
Blues 1 3 0 4
Shots
1 2 3 T
Avalanche 13 4 13 30
Blues 13 18 7 38

1st period

1. Blues , Anthony Mantha 6 (Sean Couturier 4) at 19:24

Penalties :
Anthony Mantha (STL) for High sticking (Minor) at 3:35, Miles Wood (COL) for High sticking (Minor) at 5:28, Jack Eichel (STL) for Hooking (Minor) at 6:31

2nd period

2. Blues , Michael Chaput 1 (Martin Necas 2) at 3:17
3. Blues , Jordan Staal 2 (Josh Bailey 4, Colin Miller 1) at 12:39
4. Blues , Andrew Copp 1 (Jordan Staal 2, Josh Bailey 5) at 14:29

Penalties :
No Penalty

3rd period

5. Avalanche , Robby Fabbri 4 (Ryan Strome 4, Noah Juulsen 4) at 17:49

Penalties :
Michael Anderson (COL) for Roughing (Minor) at 12:21

Goalie Stats

Alexandar Georgiev (COL), 34 saves from 38 shots - (0,895), L, 1-2-0, 60:00 minutes
Carter Hart (STL), 29 saves from 30 shots - (0,967), W, 4-3-1, 60:00 minutes

Players Stats for Avalanche

Player Name              G  A  P  +/- PIM S  H  SB GA TA FO     MP     PP MP  PK MP  
------------------------------------------------------------------------------------
Andreas Athanasiou       0  0  0  -1  0   0  1  0  0  0  1/1    15:49   0:00   0:22 
Andrew Mangiapane        0  0  0   0  0   2  1  0  0  0  0/1    12:19   1:23   0:00 
Brad Richardson          0  0  0  -1  0   2  2  0  0  0  3/13   10:10   0:29   0:21 
Casey Cizikas            0  0  0   0  0   1  2  0  0  0  8/11   13:31   0:00   2:35 
Chris Tanev              0  0  0  -2  0   1  1  1  0  0  0/0    21:40   1:43   1:42 
Dominik Kubalik          0  0  0  -1  0   5  2  1  0  0  1/2    16:45   1:18   0:00 
Dylan Strome             0  0  0  -1  0   0  1  0  0  0  7/20   17:33   1:04   0:00 
Henri Jokiharju          0  0  0   0  0   1  3  0  0  0  0/0    17:06   1:04   0:00 
Jake McCabe              0  0  0  -1  0   2  2  0  0  0  0/0    20:39   0:34   1:04 
Joakim Nordstrom         0  0  0  -1  0   1  1  0  0  0  0/0     9:20   0:00   0:00 
Michael Anderson         0  0  0  -1  2   1  3  2  0  0  0/0    17:23   0:00   0:00 
Miles Wood               0  0  0   0  2   2  1  0  0  0  1/1    12:33   1:37   0:00 
Nicolas Roy              0  0  0  -1  0   1  0  0  0  0  0/0     9:34   0:00   0:14 
Noah Juulsen             0  1  1   0  0   0  2  0  0  0  0/0    20:08   1:34   1:36 
Robby Fabbri             1  0  1  -1  0   3  1  0  0  0  0/3    19:22   1:38   0:21 
Ryan Dzingel             0  0  0  -1  0   3  0  0  0  0  0/1    17:23   0:00   0:00 
Ryan Strome              0  1  1  -1  0   4  0  0  0  0  16/29  21:42   1:18   1:59 
Shayne Gostisbehere      0  0  0  -2  0   1  1  3  0  0  0/0    23:03   0:57   1:30 

Players Stats for Blues

Player Name              G  A  P  +/- PIM S  H  SB GA TA FO     MP     PP MP  PK MP  
------------------------------------------------------------------------------------
Andrew Copp              1  0  1   1  0   2  0  1  0  0  1/1    13:18   0:00   1:19 
Anthony Mantha           1  0  1   1  2   3  2  0  0  0  0/1    18:56   1:32   0:00 
Christian Dvorak         0  0  0   1  0   3  0  0  0  0  3/7    18:38   1:32   0:00 
Colin Miller             0  1  1   3  0   0  0  2  0  0  0/0    14:48   0:00   0:00 
Dougie Hamilton          0  0  0   0  0   1  1  1  0  0  0/0    23:17   1:38   1:26 
Jack Eichel              0  0  0   0  2   8  0  0  0  0  12/23  20:05   1:23   0:00 
Johnny Gaudreau          0  0  0   0  0   1  0  0  0  0  0/1    20:00   1:18   0:00 
Jordan Staal             1  1  2   1  0   3  2  0  0  0  8/14   13:37   0:00   1:19 
Josh Bailey              0  2  2   1  0   1  0  0  0  0  1/3    15:08   1:32   1:37 
MacKenzie Weegar         0  0  0   3  0   0  2  2  0  0  0/0    14:48   0:00   0:00 
Martin Necas             0  1  1   1  0   0  0  0  0  0  0/1     5:19   0:00   0:00 
Michael Chaput           1  0  1   1  0   2  0  0  0  0  4/6     6:56   0:00   1:37 
Mikko Rantanen           0  0  0   0  0   2  1  0  0  0  0/1    20:49   1:24   0:00 
P.K. Subban              0  0  0   0  0   1  2  0  0  0  0/0    20:33   0:00   1:26 
Ryan Pulock              0  0  0   0  0   2  0  2  0  0  0/0    23:21   1:38   1:30 
Sean Couturier           0  1  1   1  0   3  2  0  0  0  16/23  19:13   1:24   0:00 
Seth Jones               0  0  0   0  0   4  0  2  0  0  0/0    21:55   1:18   1:30 
Trevor Lewis             0  0  0   1  0   2  0  0  0  0  0/1     5:19   0:00   0:00 

3 Stars

1 - Jordan Staal (STL)
2 - Carter Hart (STL)
3 - Colin Miller (STL)

Power Play

Avalanche - 0 on 2 Attempt(s) - 0,00%
Blues - 0 on 2 Attempt(s) - 0,00%

Penalty Kill

Avalanche - 2 on 2 Attempt(s) - 100,00% - Score 0 goal in Penalty Kill
Blues - 2 on 2 Attempt(s) - 100,00% - Score 0 goal in Penalty Kill

Team Stat

Avalanche - Hits : 24 - Faceoff Wins : 37 - Blocked Shots : 7 - Penalty Minutes : 4
Blues - Hits : 12 - Faceoff Wins : 45 - Blocked Shots : 10 - Penalty Minutes : 4

Official

Referees : Kyle Rehman and Eric Furlatt
Linesman : Brent Colby and Scott Driscoll

Game Notes

No Game Note

Finance

Level 1 -- Attendance: 5874 (90,37%) -- Ticket Income 646 140 $
Level 2 -- Attendance: 4529 (90,58%) -- Ticket Income 339 675 $
Level 3 -- Attendance: 3419 (97,69%) -- Ticket Income 188 045 $
Level 4 -- Attendance: 1562 (100,00%) -- Ticket Income 60 918 $
Luxury Box -- Attendance: 1000 (100,00%) -- Ticket Income 199 000 $
Game was played at the Scottrade Center.
Total Attendance: 16384 (93,29%)
Total Ticket Income: 1 433 778 $
Other Income: 702 551 $
Total Income: 2 136 329 $

% Time on Ice - Avalanche

Lines # - Real PCT - Wanted PCT - Time Play
Normal Forward
1 - 33% - 35% - 17:23
2 - 29% - 30% - 15:27
3 - 21% - 20% - 10:56
4 - 18% - 15% - 9:20
Normal Defense
1 - 34% - 40% - 18:18
2 - 33% - 30% - 17:24
3 - 30% - 20% - 16:02
4 - 3% - 10% - 1:22
PP Forward
1 - 44% - 60% - 1:18
2 - 56% - 40% - 1:38
PP Defense
1 - 69% - 60% - 2:02
2 - 31% - 40% - 0:54
PK Forward
1 - 88% - 60% - 2:35
2 - 12% - 40% - 0:21
PK Defense
1 - 51% - 60% - 1:30
2 - 49% - 40% - 1:26
PK3 Forward
1 - 0% - 60%
2 - 0% - 40%
PK3 Defense
1 - 0% - 60%
2 - 0% - 40%
44 Forward
1 - 100% - 60% - 1:02
2 - 0% - 40% - 0:00
44 Defense
1 - 90% - 60% - 0:56
2 - 10% - 40% - 0:06
Last Minute Offensive  - 0:00
Last Minute Defensive  - 0:00
Total
Forward - 60:00
Defense - 60:00

% Time on Ice - Blues

Lines # - Real PCT - Wanted PCT - Time Play
Normal Forward
1 - 35% - 36% - 18:42
2 - 32% - 32% - 17:06
3 - 23% - 24% - 11:59
4 - 10% - 8% - 5:19
Normal Defense
1 - 35% - 40% - 18:48
2 - 37% - 40% - 19:30
3 - 28% - 20% - 14:48
4 - 0% - 0% - 0:00
PP Forward
1 - 48% - 50% - 1:24
2 - 52% - 50% - 1:32
PP Defense
1 - 56% - 60% - 1:38
2 - 44% - 40% - 1:18
PK Forward
1 - 45% - 50% - 1:19
2 - 55% - 50% - 1:37
PK Defense
1 - 49% - 50% - 1:26
2 - 51% - 50% - 1:30
PK3 Forward
1 - 0% - 60%
2 - 0% - 40%
PK3 Defense
1 - 0% - 60%
2 - 0% - 40%
44 Forward
1 - 69% - 50% - 0:43
2 - 31% - 50% - 0:19
44 Defense
1 - 31% - 50% - 0:19
2 - 69% - 50% - 0:43
Last Minute Offensive  - 0:00
Last Minute Defensive  - 0:00
Total
Forward - 60:00
Defense - 60:00

Play-by-Play

1st period


0:01 of 1st period - Ryan Strome wins face-off versus Jack Eichel in neutral zone.
0:26 of 1st period - Shot by Ryan Strome.
0:26 of 1st period - Shot Misses the Net.
0:28 of 1st period - Shot by Robby Fabbri.
0:28 of 1st period - Stopped by Carter Hart without a rebound.
0:29 of 1st period - Sean Couturier wins face-off versus Dylan Strome in Blues zone.
0:54 of 1st period - Shot by Sean Couturier.
0:54 of 1st period - Shot Misses the Net.
0:56 of 1st period - Shot by Ryan Pulock.
0:56 of 1st period - Stopped by Alexandar Georgiev with a rebound.
1:00 of 1st period - Shot by Sean Couturier.
1:00 of 1st period - Shot Blocked by Michael Anderson.
1:02 of 1st period - Shot by Ryan Pulock.
1:02 of 1st period - Shot Misses the Net.
1:10 of 1st period - Shot by Sean Couturier.
1:10 of 1st period - Shot Misses the Net.
1:50 of 1st period - Shot by Miles Wood.
1:50 of 1st period - Stopped by Carter Hart without a rebound.
1:51 of 1st period - Jack Eichel wins face-off versus Brad Richardson in Blues zone.
1:51 of 1st period - Jack Eichel is hit by Brad Richardson.
1:56 of 1st period - P.K. Subban is hit by Joakim Nordstrom and loses puck.
2:04 of 1st period - P.K. Subban is hit by Shayne Gostisbehere and loses puck.
2:51 of 1st period - Icing by Brad Richardson.
2:52 of 1st period - Sean Couturier wins face-off versus Brad Richardson in Avalanche zone.
3:35 of 1st period - Minor Penalty to Anthony Mantha for High sticking.
3:36 of 1st period - Jordan Staal wins face-off versus Robby Fabbri in Blues zone.
3:51 of 1st period - Shot by Henri Jokiharju.
3:51 of 1st period - Stopped by Carter Hart without a rebound.
3:52 of 1st period - Dylan Strome wins face-off versus Jordan Staal in Blues zone.
3:59 of 1st period - Shot by Miles Wood.
3:59 of 1st period - Shot Misses the Net.
4:01 of 1st period - Shot by Miles Wood.
4:01 of 1st period - Stopped by Carter Hart with a rebound.
4:09 of 1st period - Shot by Robby Fabbri.
4:09 of 1st period - Shot Blocked by Seth Jones.
4:11 of 1st period - Shot by Chris Tanev.
4:11 of 1st period - Stopped by Carter Hart without a rebound.
4:12 of 1st period - Michael Chaput wins face-off versus Ryan Strome in Blues zone.
4:18 of 1st period - Icing by Chris Tanev.
4:19 of 1st period - Ryan Strome wins face-off versus Josh Bailey in Avalanche zone.
4:24 of 1st period - Michael Chaput is hit by Andrew Mangiapane.
5:09 of 1st period - Icing by Robby Fabbri.
5:10 of 1st period - Michael Chaput wins face-off versus Dylan Strome in Avalanche zone.
5:10 of 1st period - Josh Bailey is hit by Henri Jokiharju and loses puck.
5:27 of 1st period - Dougie Hamilton is hit by Robby Fabbri and loses puck.
5:28 of 1st period - Minor Penalty to Miles Wood for High sticking.
5:29 of 1st period - Sean Couturier wins face-off versus Ryan Strome in Avalanche zone.
5:47 of 1st period - Off-side.
5:48 of 1st period - Christian Dvorak wins face-off versus Ryan Strome in neutral zone.
5:57 of 1st period - Icing by Anthony Mantha.
5:58 of 1st period - Ryan Strome wins face-off versus Christian Dvorak in Blues zone.
6:14 of 1st period - Shot by Ryan Pulock.
6:14 of 1st period - Shot Misses the Net.
6:16 of 1st period - Shot by Dougie Hamilton.
6:16 of 1st period - Shot Misses the Net.
6:18 of 1st period - Shot by Dougie Hamilton.
6:18 of 1st period - The goal is going for a video replay.
6:18 of 1st period - The goal is refused.
6:19 of 1st period - Jack Eichel wins face-off versus Brad Richardson in Avalanche zone.
6:19 of 1st period - Jack Eichel is hit by Chris Tanev.
6:25 of 1st period - Shot by Seth Jones.
6:25 of 1st period - Stopped by Alexandar Georgiev without a rebound.
6:26 of 1st period - Ryan Strome wins face-off versus Jack Eichel in Avalanche zone.
6:31 of 1st period - Minor Penalty to Jack Eichel for Hooking.
6:32 of 1st period - Jordan Staal wins face-off versus Ryan Strome in Blues zone.
6:50 of 1st period - Icing by Ryan Strome.
6:51 of 1st period - Ryan Strome wins face-off versus Sean Couturier in Avalanche zone.
7:10 of 1st period - Shot by Shayne Gostisbehere.
7:10 of 1st period - Shot Blocked by Ryan Pulock.
7:20 of 1st period - Shot by Sean Couturier.
7:20 of 1st period - Shot Misses the Net.
7:33 of 1st period - Icing by Robby Fabbri.
7:34 of 1st period - Andrew Copp wins face-off versus Robby Fabbri in Avalanche zone.
7:57 of 1st period - Shot by Andrew Mangiapane.
7:57 of 1st period - Shot Misses the Net.
7:59 of 1st period - Shot by Jake McCabe.
7:59 of 1st period - Shot Misses the Net.
8:01 of 1st period - Shot by Jake McCabe.
8:01 of 1st period - Stopped by Carter Hart without a rebound.
8:02 of 1st period - Jordan Staal wins face-off versus Ryan Strome in Blues zone.
9:02 of 1st period - Off-side.
9:03 of 1st period - Jordan Staal wins face-off versus Dylan Strome in neutral zone.
9:25 of 1st period - Andreas Athanasiou is hit by P.K. Subban and loses puck.
10:32 of 1st period - Shot by Jack Eichel.
10:32 of 1st period - Stopped by Alexandar Georgiev without a rebound.
10:33 of 1st period - Sean Couturier wins face-off versus Ryan Strome in Avalanche zone.
10:40 of 1st period - Shot by Christian Dvorak.
10:40 of 1st period - Stopped by Alexandar Georgiev with a rebound.
10:50 of 1st period - Shot by Ryan Dzingel.
10:50 of 1st period - Stopped by Carter Hart with a rebound.
11:02 of 1st period - Shot by Anthony Mantha.
11:02 of 1st period - Stopped by Alexandar Georgiev with a rebound.
11:32 of 1st period - Mikko Rantanen is hit by Casey Cizikas.
11:40 of 1st period - Shot by Andrew Mangiapane.
11:40 of 1st period - Stopped by Carter Hart without a rebound.
11:41 of 1st period - Michael Chaput wins face-off versus Dominik Kubalik in Blues zone.
11:41 of 1st period - Michael Chaput is hit by Andreas Athanasiou.
12:01 of 1st period - Shot by Michael Chaput.
12:01 of 1st period - Stopped by Alexandar Georgiev with a rebound.
12:03 of 1st period - Shot by Michael Chaput.
12:03 of 1st period - Shot Blocked by Shayne Gostisbehere.
13:05 of 1st period - Shot by Mikko Rantanen.
13:05 of 1st period - Stopped by Alexandar Georgiev with a rebound.
13:31 of 1st period - Shot by Ryan Strome.
13:31 of 1st period - Shot Misses the Net.
13:33 of 1st period - Shot by Ryan Strome.
13:33 of 1st period - Stopped by Carter Hart without a rebound.
13:34 of 1st period - Jordan Staal wins face-off versus Brad Richardson in Blues zone.
14:05 of 1st period - Shot by Josh Bailey.
14:05 of 1st period - Shot Misses the Net.
14:07 of 1st period - Shot by P.K. Subban.
14:07 of 1st period - Stopped by Alexandar Georgiev without a rebound.
14:08 of 1st period - Christian Dvorak wins face-off versus Ryan Strome in Avalanche zone.
14:20 of 1st period - Icing by Shayne Gostisbehere.
14:21 of 1st period - Ryan Strome wins face-off versus Michael Chaput in Avalanche zone.
14:50 of 1st period - Shot by Trevor Lewis.
14:50 of 1st period - Stopped by Alexandar Georgiev without a rebound.
14:51 of 1st period - Sean Couturier wins face-off versus Dylan Strome in Avalanche zone.
14:57 of 1st period - Andreas Athanasiou is hit by Anthony Mantha and loses puck.
15:08 of 1st period - Shot by Dominik Kubalik.
15:08 of 1st period - Stopped by Carter Hart without a rebound.
15:09 of 1st period - Casey Cizikas wins face-off versus Jack Eichel in Blues zone.
15:13 of 1st period - Casey Cizikas is hit by MacKenzie Weegar and loses puck.
15:21 of 1st period - Jack Eichel is hit by Michael Anderson and loses puck.
15:39 of 1st period - Icing by Colin Miller.
15:40 of 1st period - Ryan Strome wins face-off versus Jack Eichel in Blues zone.
16:11 of 1st period - Shot by Ryan Strome.
16:11 of 1st period - Stopped by Carter Hart without a rebound.
16:12 of 1st period - Sean Couturier wins face-off versus Dylan Strome in Blues zone.
16:40 of 1st period - Shot by Dougie Hamilton.
16:40 of 1st period - Deflect By Christian Dvorak.
16:40 of 1st period - Shot Misses the Net.
17:20 of 1st period - Chris Tanev is hit by Jordan Staal.
17:24 of 1st period - Seth Jones is hit by Miles Wood and loses puck.
17:59 of 1st period - P.K. Subban is hit by Casey Cizikas and loses puck.
18:56 of 1st period - Shot by Joakim Nordstrom.
18:56 of 1st period - Stopped by Carter Hart without a rebound.
18:57 of 1st period - Jack Eichel wins face-off versus Dylan Strome in Blues zone.
19:06 of 1st period - Shot by Jack Eichel.
19:06 of 1st period - Shot Misses the Net.
19:08 of 1st period - Shot by Colin Miller.
19:08 of 1st period - Shot Blocked by Dominik Kubalik.
19:16 of 1st period - Shot by Mikko Rantanen.
19:16 of 1st period - Shot Misses the Net.
19:18 of 1st period - Shot by Johnny Gaudreau.
19:18 of 1st period - Stopped by Alexandar Georgiev without a rebound.
19:19 of 1st period - Sean Couturier wins face-off versus Brad Richardson in Avalanche zone.
19:22 of 1st period - Shot by Anthony Mantha.
19:22 of 1st period - Stopped by Alexandar Georgiev with a rebound.
19:24 of 1st period - Shot by Anthony Mantha.
19:24 of 1st period - Goal by Anthony Mantha - Avalanche : 0 - Blues : 1.
19:25 of 1st period - Sean Couturier wins face-off versus Brad Richardson in neutral zone.
19:31 of 1st period - Anthony Mantha is hit by Henri Jokiharju and loses puck.
19:37 of 1st period - Brad Richardson is hit by Sean Couturier and loses puck.
19:42 of 1st period - Shot by Brad Richardson.
19:42 of 1st period - Stopped by Carter Hart without a rebound.
19:43 of 1st period - Jack Eichel wins face-off versus Ryan Strome in Blues zone.
19:50 of 1st period - Shot by Mikko Rantanen.
19:50 of 1st period - Shot Blocked by Shayne Gostisbehere.
Goals for this period are 0 for Avalanche vs 1 for Blues.
Shots for this period are 13 for Avalanche vs 13 for Blues.

2nd period


0:01 of 2nd period - Sean Couturier wins face-off versus Ryan Strome in neutral zone.
0:23 of 2nd period - Shot by Christian Dvorak.
0:23 of 2nd period - Shot Misses the Net.
0:37 of 2nd period - Shot by Christian Dvorak.
0:37 of 2nd period - Stopped by Alexandar Georgiev without a rebound.
0:38 of 2nd period - Jack Eichel wins face-off versus Dylan Strome in Avalanche zone.
0:50 of 2nd period - Shot by Jack Eichel.
0:50 of 2nd period - Shot Misses the Net.
1:16 of 2nd period - Shot by Jack Eichel.
1:16 of 2nd period - Stopped by Alexandar Georgiev with a rebound.
1:18 of 2nd period - Shot by Seth Jones.
1:18 of 2nd period - Stopped by Alexandar Georgiev without a rebound.
1:19 of 2nd period - Jordan Staal wins face-off versus Casey Cizikas in Avalanche zone.
1:19 of 2nd period - Jordan Staal is hit by Jake McCabe.
1:31 of 2nd period - Shot by Josh Bailey.
1:31 of 2nd period - Shot Blocked by Shayne Gostisbehere.
2:12 of 2nd period - Ryan Pulock is hit by Michael Anderson and loses puck.
2:34 of 2nd period - Shot by Christian Dvorak.
2:34 of 2nd period - Shot Misses the Net.
2:40 of 2nd period - Shot by Sean Couturier.
2:40 of 2nd period - Shot Blocked by Michael Anderson.
2:42 of 2nd period - Shot by Sean Couturier.
2:42 of 2nd period - Shot Misses the Net.
2:44 of 2nd period - Shot by Seth Jones.
2:44 of 2nd period - Stopped by Alexandar Georgiev with a rebound.
2:46 of 2nd period - Shot by Seth Jones.
2:46 of 2nd period - Stopped by Alexandar Georgiev with a rebound.
3:10 of 2nd period - Jack Eichel is hit by Michael Anderson and loses puck.
3:13 of 2nd period - Shot by Jack Eichel.
3:13 of 2nd period - Stopped by Alexandar Georgiev without a rebound.
3:14 of 2nd period - Michael Chaput wins face-off versus Dylan Strome in Avalanche zone.
3:17 of 2nd period - Shot by Martin Necas.
3:17 of 2nd period - Deflect By Michael Chaput.
3:17 of 2nd period - Goal by Michael Chaput - Avalanche : 0 - Blues : 2.
3:18 of 2nd period - Jack Eichel wins face-off versus Dylan Strome in neutral zone.
3:47 of 2nd period - Shot by Johnny Gaudreau.
3:47 of 2nd period - Shot Misses the Net.
3:55 of 2nd period - Shot by Andreas Athanasiou.
3:55 of 2nd period - Shot Blocked by MacKenzie Weegar.
3:57 of 2nd period - Shot by Dominik Kubalik.
3:57 of 2nd period - Deflect By Andreas Athanasiou.
3:57 of 2nd period - Shot Misses the Net.
4:33 of 2nd period - Shot by Casey Cizikas.
4:33 of 2nd period - Shot Misses the Net.
4:42 of 2nd period - Icing by Henri Jokiharju.
4:43 of 2nd period - Sean Couturier wins face-off versus Casey Cizikas in Avalanche zone.
5:38 of 2nd period - Ryan Pulock is hit by Brad Richardson and loses puck.
5:55 of 2nd period - Shot by Martin Necas.
5:55 of 2nd period - Deflect By Trevor Lewis.
5:55 of 2nd period - Stopped by Alexandar Georgiev with a rebound.
5:57 of 2nd period - Shot by Ryan Pulock.
5:57 of 2nd period - Shot Misses the Net.
6:22 of 2nd period - Icing by Colin Miller.
6:23 of 2nd period - Jack Eichel wins face-off versus Ryan Strome in Blues zone.
6:27 of 2nd period - Johnny Gaudreau is hit by Jake McCabe and loses puck.
6:32 of 2nd period - Shot by Mikko Rantanen.
6:32 of 2nd period - Stopped by Alexandar Georgiev without a rebound.
6:33 of 2nd period - Dylan Strome wins face-off versus Jordan Staal in Avalanche zone.
6:44 of 2nd period - Seth Jones is hit by Dominik Kubalik and loses puck.
6:51 of 2nd period - Shot by Dylan Strome.
6:51 of 2nd period - Shot Misses the Net.
6:53 of 2nd period - Shot by Shayne Gostisbehere.
6:53 of 2nd period - Stopped by Carter Hart without a rebound.
6:54 of 2nd period - Ryan Strome wins face-off versus Jack Eichel in Blues zone.
8:46 of 2nd period - Colin Miller is hit by Dominik Kubalik and loses puck.
9:15 of 2nd period - Shot by Jordan Staal.
9:15 of 2nd period - Deflect By Andrew Copp.
9:15 of 2nd period - Shot Misses the Net.
9:19 of 2nd period - Shot by Josh Bailey.
9:19 of 2nd period - Deflect By Andrew Copp.
9:19 of 2nd period - Stopped by Alexandar Georgiev without a rebound.
9:20 of 2nd period - Casey Cizikas wins face-off versus Mikko Rantanen in Avalanche zone.
9:36 of 2nd period - Icing by Johnny Gaudreau.
9:37 of 2nd period - Ryan Strome wins face-off versus Jack Eichel in Blues zone.
9:50 of 2nd period - Shot by Jack Eichel.
9:50 of 2nd period - Stopped by Alexandar Georgiev without a rebound.
9:51 of 2nd period - Jordan Staal wins face-off versus Casey Cizikas in Avalanche zone.
10:36 of 2nd period - Icing by Michael Anderson.
10:37 of 2nd period - Casey Cizikas wins face-off versus Jack Eichel in Avalanche zone.
11:42 of 2nd period - Off-side.
11:43 of 2nd period - Sean Couturier wins face-off versus Dylan Strome in neutral zone.
11:45 of 2nd period - Off-side.
11:46 of 2nd period - Dylan Strome wins face-off versus Anthony Mantha in neutral zone.
12:25 of 2nd period - Shot by Dominik Kubalik.
12:25 of 2nd period - Stopped by Carter Hart without a rebound.
12:26 of 2nd period - Jordan Staal wins face-off versus Ryan Strome in Blues zone.
12:39 of 2nd period - Shot by Jordan Staal.
12:39 of 2nd period - Goal by Jordan Staal - Avalanche : 0 - Blues : 3.
12:40 of 2nd period - Jack Eichel wins face-off versus Andrew Mangiapane in neutral zone.
13:05 of 2nd period - Andrew Mangiapane is hit by Dougie Hamilton and loses puck.
13:48 of 2nd period - Off-side.
13:49 of 2nd period - Dylan Strome wins face-off versus Christian Dvorak in neutral zone.
13:58 of 2nd period - Icing by Christian Dvorak.
13:59 of 2nd period - Sean Couturier wins face-off versus Brad Richardson in Blues zone.
14:23 of 2nd period - Shot by Sean Couturier.
14:23 of 2nd period - Stopped by Alexandar Georgiev without a rebound.
14:24 of 2nd period - Josh Bailey wins face-off versus Ryan Strome in Avalanche zone.
14:25 of 2nd period - Shot by Jordan Staal.
14:25 of 2nd period - Stopped by Alexandar Georgiev with a rebound.
14:29 of 2nd period - Shot by Andrew Copp.
14:29 of 2nd period - Goal by Andrew Copp - Avalanche : 0 - Blues : 4.
14:30 of 2nd period - Ryan Strome wins face-off versus Jordan Staal in neutral zone.
14:37 of 2nd period - Shot by Ryan Dzingel.
14:37 of 2nd period - Stopped by Carter Hart without a rebound.
14:38 of 2nd period - Ryan Strome wins face-off versus Sean Couturier in Blues zone.
15:11 of 2nd period - Shot by Ryan Dzingel.
15:11 of 2nd period - Deflect By Ryan Strome.
15:11 of 2nd period - Shot Misses the Net.
15:13 of 2nd period - Shot by Ryan Strome.
15:13 of 2nd period - Shot Blocked by Ryan Pulock.
15:15 of 2nd period - Shot by Ryan Strome.
15:15 of 2nd period - Stopped by Carter Hart without a rebound.
15:16 of 2nd period - Jack Eichel wins face-off versus Dylan Strome in Blues zone.
15:26 of 2nd period - Seth Jones is hit by Noah Juulsen and loses puck.
15:39 of 2nd period - Shot by Johnny Gaudreau.
15:39 of 2nd period - Shot Misses the Net.
15:56 of 2nd period - Johnny Gaudreau is hit by Henri Jokiharju and loses puck.
16:09 of 2nd period - Shot by Josh Bailey.
16:09 of 2nd period - Shot Misses the Net.
16:11 of 2nd period - Shot by Jordan Staal.
16:11 of 2nd period - Stopped by Alexandar Georgiev without a rebound.
16:12 of 2nd period - Ryan Strome wins face-off versus Sean Couturier in Avalanche zone.
16:23 of 2nd period - Shot by Christian Dvorak.
16:23 of 2nd period - Shot Misses the Net.
16:25 of 2nd period - Shot by Ryan Pulock.
16:25 of 2nd period - Stopped by Alexandar Georgiev without a rebound.
16:26 of 2nd period - Casey Cizikas wins face-off versus Jordan Staal in Avalanche zone.
16:55 of 2nd period - Shot by Josh Bailey.
16:55 of 2nd period - Stopped by Alexandar Georgiev without a rebound.
16:56 of 2nd period - Sean Couturier wins face-off versus Robby Fabbri in Avalanche zone.
17:07 of 2nd period - Shot by Anthony Mantha.
17:07 of 2nd period - Shot Misses the Net.
17:17 of 2nd period - Jake McCabe is hit by Anthony Mantha and loses puck.
17:34 of 2nd period - Shot by Ryan Dzingel.
17:34 of 2nd period - Shot Misses the Net.
18:13 of 2nd period - Shot by Dominik Kubalik.
18:13 of 2nd period - Shot Misses the Net.
18:16 of 2nd period - Icing by Seth Jones.
18:17 of 2nd period - Brad Richardson wins face-off versus Jack Eichel in Blues zone.
18:43 of 2nd period - Icing by Michael Anderson.
18:44 of 2nd period - Brad Richardson wins face-off versus Jordan Staal in Avalanche zone.
19:05 of 2nd period - Chris Tanev is hit by Jordan Staal and loses puck.
19:15 of 2nd period - Icing by Michael Anderson.
19:16 of 2nd period - Sean Couturier wins face-off versus Brad Richardson in Avalanche zone.
Goals for this period are 0 for Avalanche vs 3 for Blues.
Shots for this period are 4 for Avalanche vs 18 for Blues.

3rd period


0:01 of 3rd period - Jack Eichel wins face-off versus Ryan Dzingel in neutral zone.
0:10 of 3rd period - Shot by Mikko Rantanen.
0:10 of 3rd period - Shot Misses the Net.
0:39 of 3rd period - Shot by Ryan Strome.
0:39 of 3rd period - Shot Misses the Net.
0:56 of 3rd period - Icing by Dylan Strome.
0:57 of 3rd period - Sean Couturier wins face-off versus Dylan Strome in Avalanche zone.
1:08 of 3rd period - Shot by Dominik Kubalik.
1:08 of 3rd period - Stopped by Carter Hart without a rebound.
1:09 of 3rd period - Casey Cizikas wins face-off versus Michael Chaput in Blues zone.
1:12 of 3rd period - Shot by Miles Wood.
1:12 of 3rd period - Deflect By Casey Cizikas.
1:12 of 3rd period - Shot Blocked by Colin Miller.
1:20 of 3rd period - Shot by Casey Cizikas.
1:20 of 3rd period - Stopped by Carter Hart without a rebound.
1:21 of 3rd period - Dylan Strome wins face-off versus Sean Couturier in Blues zone.
1:24 of 3rd period - Shot by Andreas Athanasiou.
1:24 of 3rd period - Shot Blocked by Dougie Hamilton.
1:34 of 3rd period - Shot by Ryan Pulock.
1:34 of 3rd period - Shot Misses the Net.
2:25 of 3rd period - Icing by Ryan Pulock.
2:26 of 3rd period - Casey Cizikas wins face-off versus Sean Couturier in Blues zone.
2:48 of 3rd period - Andrew Mangiapane is hit by Mikko Rantanen and loses puck.
4:46 of 3rd period - Shot by Dylan Strome.
4:46 of 3rd period - Shot Misses the Net.
4:48 of 3rd period - Shot by Michael Anderson.
4:48 of 3rd period - Stopped by Carter Hart without a rebound.
4:49 of 3rd period - Sean Couturier wins face-off versus Brad Richardson in Blues zone.
6:03 of 3rd period - Johnny Gaudreau is hit by Noah Juulsen and loses puck.
6:10 of 3rd period - Shot by Dominik Kubalik.
6:10 of 3rd period - Stopped by Carter Hart without a rebound.
6:11 of 3rd period - Miles Wood wins face-off versus Jordan Staal in Blues zone.
6:30 of 3rd period - Icing by Colin Miller.
6:31 of 3rd period - Dylan Strome wins face-off versus Josh Bailey in Blues zone.
6:34 of 3rd period - Shot by Andreas Athanasiou.
6:34 of 3rd period - Shot Misses the Net.
6:36 of 3rd period - Shot by Dominik Kubalik.
6:36 of 3rd period - Shot Blocked by MacKenzie Weegar.
6:42 of 3rd period - Shot by Shayne Gostisbehere.
6:42 of 3rd period - Deflect By Dominik Kubalik.
6:42 of 3rd period - Shot Misses the Net.
6:50 of 3rd period - Shot by Jake McCabe.
6:50 of 3rd period - Stopped by Carter Hart with a rebound.
6:52 of 3rd period - Shot by Andreas Athanasiou.
6:52 of 3rd period - Shot Misses the Net.
6:54 of 3rd period - Shot by Andreas Athanasiou.
6:54 of 3rd period - Shot Blocked by Andrew Copp.
6:59 of 3rd period - Dominik Kubalik is hit by MacKenzie Weegar.
7:45 of 3rd period - Shot by Robby Fabbri.
7:45 of 3rd period - Stopped by Carter Hart without a rebound.
7:46 of 3rd period - Casey Cizikas wins face-off versus Johnny Gaudreau in Blues zone.
7:47 of 3rd period - Shot by Andrew Mangiapane.
7:47 of 3rd period - Stopped by Carter Hart without a rebound.
7:48 of 3rd period - Casey Cizikas wins face-off versus Jack Eichel in Blues zone.
8:20 of 3rd period - Shot by Andrew Mangiapane.
8:20 of 3rd period - Shot Blocked by Seth Jones.
8:32 of 3rd period - Shot by Jack Eichel.
8:32 of 3rd period - Shot Misses the Net.
9:14 of 3rd period - Shot by Christian Dvorak.
9:14 of 3rd period - Stopped by Alexandar Georgiev with a rebound.
9:33 of 3rd period - Icing by Seth Jones.
9:34 of 3rd period - Ryan Strome wins face-off versus Trevor Lewis in Blues zone.
9:45 of 3rd period - Shot by Ryan Strome.
9:45 of 3rd period - Deflect By Ryan Dzingel.
9:45 of 3rd period - Stopped by Carter Hart without a rebound.
9:46 of 3rd period - Dylan Strome wins face-off versus Jack Eichel in Blues zone.
10:09 of 3rd period - Shot by Dominik Kubalik.
10:09 of 3rd period - Stopped by Carter Hart without a rebound.
10:10 of 3rd period - Ryan Strome wins face-off versus Martin Necas in Blues zone.
10:13 of 3rd period - Shot by Robby Fabbri.
10:13 of 3rd period - Shot Misses the Net.
11:52 of 3rd period - Off-side.
11:53 of 3rd period - Brad Richardson wins face-off versus Sean Couturier in neutral zone.
12:08 of 3rd period - Shot by Brad Richardson.
12:08 of 3rd period - Stopped by Carter Hart with a rebound.
12:21 of 3rd period - Minor Penalty to Michael Anderson for Roughing.
12:22 of 3rd period - Andreas Athanasiou wins face-off versus Christian Dvorak in Avalanche zone.
12:46 of 3rd period - Icing by Christian Dvorak.
12:47 of 3rd period - Ryan Strome wins face-off versus Christian Dvorak in Blues zone.
13:26 of 3rd period - Shot by Jack Eichel.
13:26 of 3rd period - Stopped by Alexandar Georgiev with a rebound.
13:28 of 3rd period - Shot by Sean Couturier.
13:28 of 3rd period - Stopped by Alexandar Georgiev without a rebound.
13:29 of 3rd period - Jack Eichel wins face-off versus Ryan Strome in Avalanche zone.
13:34 of 3rd period - Shot by Jack Eichel.
13:34 of 3rd period - Deflect By Sean Couturier.
13:34 of 3rd period - Stopped by Alexandar Georgiev with a rebound.
13:36 of 3rd period - Shot by Jack Eichel.
13:36 of 3rd period - Stopped by Alexandar Georgiev with a rebound.
14:06 of 3rd period - Shot by Jack Eichel.
14:06 of 3rd period - Stopped by Alexandar Georgiev with a rebound.
14:34 of 3rd period - Shot by Andreas Athanasiou.
14:34 of 3rd period - Shot Blocked by Colin Miller.
14:36 of 3rd period - Shot by Dominik Kubalik.
14:36 of 3rd period - Shot Misses the Net.
14:40 of 3rd period - Shot by Dominik Kubalik.
14:40 of 3rd period - Shot Misses the Net.
15:37 of 3rd period - Shot by Nicolas Roy.
15:37 of 3rd period - Stopped by Carter Hart without a rebound.
15:38 of 3rd period - Ryan Strome wins face-off versus Sean Couturier in Blues zone.
15:43 of 3rd period - Shot by Ryan Strome.
15:43 of 3rd period - Shot Misses the Net.
15:45 of 3rd period - Shot by Ryan Strome.
15:45 of 3rd period - Shot Misses the Net.
15:52 of 3rd period - Ryan Dzingel is hit by P.K. Subban.
15:54 of 3rd period - Shot by Ryan Strome.
15:54 of 3rd period - Shot Misses the Net.
15:56 of 3rd period - Shot by Ryan Strome.
15:56 of 3rd period - Stopped by Carter Hart without a rebound.
15:57 of 3rd period - Dominik Kubalik wins face-off versus Jack Eichel in Blues zone.
16:11 of 3rd period - Shot by Dylan Strome.
16:11 of 3rd period - Shot Misses the Net.
16:31 of 3rd period - Shot by Jack Eichel.
16:31 of 3rd period - Stopped by Alexandar Georgiev without a rebound.
16:32 of 3rd period - Christian Dvorak wins face-off versus Brad Richardson in Avalanche zone.
16:41 of 3rd period - Shot by Christian Dvorak.
16:41 of 3rd period - Shot Misses the Net.
17:03 of 3rd period - Shot by Joakim Nordstrom.
17:03 of 3rd period - Shot Misses the Net.
17:14 of 3rd period - Joakim Nordstrom is hit by Sean Couturier and loses puck.
17:49 of 3rd period - Shot by Robby Fabbri.
17:49 of 3rd period - Goal by Robby Fabbri - Avalanche : 1 - Blues : 4.
17:50 of 3rd period - Jack Eichel wins face-off versus Dylan Strome in neutral zone.
18:04 of 3rd period - Colin Miller is hit by Dylan Strome and loses puck.
18:27 of 3rd period - Shot by Johnny Gaudreau.
18:27 of 3rd period - Deflect By Jack Eichel.
18:27 of 3rd period - Shot Blocked by Chris Tanev.
Goals for this period are 1 for Avalanche vs 0 for Blues.
Shots for this period are 13 for Avalanche vs 7 for Blues.